 Dungeon Crawl Stone Soup version 0.30-a0-586-g23e55c9e0a (webtiles) character file.

Game seed: 11948994754489855764

2259 wormed the Poker (level 9, -16/82 HPs)
             Began as a Naga Fighter on Jan 4, 2023.
             Demolished by a gargoyle
             ... wielding a +0 flail
              (21 damage)
             ... on level 7 of the Dungeon.
             The game lasted 00:11:44 (7259 turns).

wormed the Poker (Naga Fighter)                     Turns: 7259, Time: 00:11:45

Health: -16/82     AC:  9    Str: 22    XL:     9   Next: 38%
Magic:  9/9        EV:  6    Int:  9    God:
Gold:   406        SH:  5    Dex: 11    Spells: 8/8 levels left

rFire   . . .      SeeInvis +    a - +0 trident
rCold   . . .      Faith    .    c - +0 buckler
rNeg    . . .      Spirit   .    q - +0 chain mail
rPois   +          Reflect  .    d - +0 helmet
rElec   .          Harm     .    (no cloak)
rCorr   .          Rampage  .    (no gloves)
Will    +....                    (no barding) Stlth
                                 (no amulet)
HPRegen 0.33/turn                (no ring)
MPRegen 0.11/turn                (no ring)

@: very slow
A: AC +3, large, see invisible, deformed body, poison resistance, slowness 2,
spit poison 1, naga tail 1
a: Spit Poison


You were on level 7 of the Dungeon.
You visited 2 branches of the dungeon, and saw 8 of its levels.

You collected 406 gold pieces.

Inventory:

Hand Weapons
 a - a +0 trident (weapon)
Missiles
 b - 18 poisoned darts
Armour
 c - a +0 buckler (worn)
 d - a +0 helmet (worn)
 q - a +0 chain mail (worn)
Jewellery
 e - a ring of fire
 h - a ring of flight
 k - a ring of positive energy
Wands
 r - a wand of roots (5) (quivered)
 t - a wand of charming (4)
Scrolls
 p - 3 scrolls of teleportation
 s - a scroll of magic mapping
 u - a scroll of identify
 v - a scroll of immolation
Potions
 f - a potion of curing
 g - a potion of mutation
 i - 2 potions of magic
 j - 2 potions of flight
 o - a potion of attraction


   Skills:
 + Level 5.7 Fighting
 * Level 7.4 Polearms
 + Level 4.7 Armour
 + Level 3.9 Dodging
 + Level 5.3 Shields


You had 8 spell levels left.
You didn't know any spells.
Your spell library contained the following spells:

 Spells                   Type           Power      Damage    Failure   Level
 Ensorcelled Hibernation  Hex/Ice        0%         N/A       99%         2
 Spider Form              Tmut/Pois      0%         N/A       100%        3
 Anguish                  Hex/Necr       0%         N/A       100%        4
 Olgreb's Toxic Radiance  Pois           0%         N/A       100%        4
 Petrify                  Tmut/Erth      0%         N/A       100%        4
 Metabolic Englaciation   Hex/Ice        0%         N/A       100%        5
 Statue Form              Tmut/Erth      0%         N/A       100%        6
 Ozocubu's Refrigeration  Ice            0%         4d7       100%        7
 Ignition                 Fire           0%         3d3       100%        8


Dungeon Overview and Level Annotations

Branches:
Dungeon (7/15)             Temple (1/1) D:4

Altars:
Ashenzari
Dithmenos
Elyvilon
Gozag
Hepliaklqana
Makhleb
Nemelex Xobeh
Okawaru
Qazlal
Ru
Sif Muna
Trog
Vehumet
Wu Jian
Yredelemnul
Zin
The Shining One

Shops:
D:1 =

Annotations:
D:7 Pikel


Innate Abilities, Weirdness & Mutations

Your serpentine skin is tough. (AC +3)
You have supernaturally acute eyesight. (SInv)
Armour fits poorly on your strangely shaped body.
Your system is resistant to poisons. (rPois)
You cover ground very slowly.
You can spit poison.
You have a snake-like lower body.


Message History

You kill the lemure!
That felt strangely unrewarding.
You miss Pikel. Pikel completely misses you. Pikel barely misses you.
The gargoyle attacks as you move away! You block the gargoyle's attack.
Aiming: Fastroot
Press: ? - help, Q - select action, (/) - cycle Shift-Dir - straight line The roots erupt in riotous growth!
Roots grab Pikel.
Roots grab the gargoyle.
The grasping roots constrict the gargoyle, but do no damage.
The grasping roots constrict Pikel.
You block Pikel's attack.
The gargoyle struggles to escape constriction.
Aiming: Fastroot
Press: ? - help, Q - select action, (/) - cycle Shift-Dir - straight line The roots erupt in riotous growth!
The gargoyle is unaffected.
Roots grab the lemure.
Pikel is unaffected.
The grasping roots constrict the gargoyle, but do no damage.
The grasping roots constrict Pikel.
The grasping roots constrict the lemure.
The roots release their grip on the gargoyle.
The roots release their grip on Pikel.
Pikel hits you with a +2 whip of electrocution.
You are electrocuted!
Aiming: Fastroot
Press: ? - help, Q - select action, (/) - cycle Shift-Dir - straight line The roots erupt in riotous growth!
Roots grab the gargoyle.
Roots grab Pikel.
The grasping roots constrict the gargoyle, but do no damage.
The grasping roots constrict Pikel, but do no damage.
The grasping roots constrict the lemure.
The roots release their grip on the lemure.
Pikel hits you with a +2 whip of electrocution!
* * * LOW HITPOINT WARNING * * *
You are electrocuted!!
* * * LOW HITPOINT WARNING * * *
The gargoyle hits you with a +0 flail!!
You die...

........... ##..
........... ....
........... #..
...<....... #!.
........... #.####
.........(. #.#..# #
...#####... #....#...
##.### #########K5....##
#....# #.......@9......#
...#.####.#######.####..#
..##.#....# #.# ..
####.#.#### ### ~ #.#.#
#...# #####


You could see Pikel (rooted), a gargoyle (rooted) and a lemure.

Vanquished Creatures
  A steam dragon (D:7)
  Edmund (D:5)
  An ice beast (D:5)
  6 black bears
  An orc warrior (D:6)
  2 ogres
  A centaur (D:7)
  3 phantoms
  3 lemures
  2 bullfrogs
  Blork the orc (D:5)
  2 scorpions
  3 jellies (D:6)
  A hound (D:6)
  An orc priest (D:5)
  An iguana (D:6)
  4 orc wizards
  11 adders
  A white imp (D:7)
  An ufetubus (D:4)
  2 worms
  2 dart slugs
  27 orcs
  4 endoplasms
  6 giant cockroaches
  8 goblins
  8 hobgoblins
  5 jackals
  2 quokkas
  9 ball pythons
  8 bats
  2 frilled lizards
  7 kobolds
  5 rats
142 creatures vanquished.

Notes
Turn   | Place    | Note
-------+----------+-------------------------------------------
     0 | D:1      | wormed the Naga Fighter began the quest for the Orb.
     0 | D:1      | Reached XP level 1. HP: 21/21 MP: 1/1
   123 | D:1      | Reached XP level 2. HP: 24/28 MP: 2/2
   259 | D:1      | Found Feseat's One-of-a-Kind Rings.
   343 | D:1      | Reached XP level 3. HP: 30/34 MP: 3/3
  1548 | D:2      | Reached skill level 1 in Dodging
  1548 | D:2      | Reached XP level 4. HP: 41/42 MP: 4/4
  1624 | D:2      | Reached skill level 3 in Polearms
  2211 | D:3      | Reached XP level 5. HP: 49/49 MP: 5/5
  2292 | D:4      | Noticed a phantom
  2361 | D:4      | Found a shadowy altar of Dithmenos.
  2456 | D:4      | Noticed a phantom
  2473 | D:4      | Killed a phantom
  2638 | D:4      | Noticed an ogre
  2643 | D:4      | Killed an ogre
  2644 | D:4      | Reached skill level 4 in Polearms
  2644 | D:4      | Reached XP level 6. HP: 57/57 MP: 6/6
  2802 | D:4      | Noticed a black bear
  2806 | D:4      | Killed a black bear
  2826 | D:4      | Reached XP level 7. HP: 29/64 MP: 7/7
  3010 | D:4      | Found a staircase to the Ecumenical Temple.
  3075 | Temple   | Entered the Ecumenical Temple
  3286 | D:5      | Entered Level 5 of the Dungeon
  3286 | D:5      | Noticed Blork the orc
  3300 | D:5      | Killed Blork the orc
  3504 | D:5      | Reached skill level 5 in Polearms
  4032 | D:5      | Noticed Edmund
  4038 | D:5      | Killed Edmund
  4039 | D:5      | Reached XP level 8. HP: 73/73 MP: 8/8
  4634 | D:6      | Found a burning altar of Makhleb.
  4641 | D:6      | Found a hazy altar of Hepliaklqana.
  4645 | D:6      | Found an ornate altar of the Wu Jian Council.
  4699 | D:6      | Reached skill level 6 in Polearms
  4958 | D:6      | Reached skill level 5 in Fighting
  5458 | D:7      | Noticed Pikel
  5465 | D:6      | Found a stormy altar of Qazlal.
  6172 | D:6      | Reached XP level 9. HP: 70/81 MP: 9/9
  6231 | D:6      | Found a bloodstained altar of Trog.
  6322 | D:6      | Reached skill level 5 in Shields
  6452 | D:7      | Reached skill level 7 in Polearms
  7244 | D:7      | Noticed a gargoyle
  7259 | D:7      | Demolished by a gargoyle

Illustrated notes

Levels and vault maps discovered:
D:1:      sevenhm_arrival_forest_fort_large_2, layout_rooms,
          nicolae_shop_unique_rings, hangedman_decor_opposing, st_stairs_3,
          serial_park_tiny_pond, minivault_11
D:2:      layout_basic, nicolae_figureground_pulse
D:3:      layout_rooms
D:4:      layout_rooms, amcnicky_altar_gilded, minmay_temple_entry_glassed_door
D:5:      layout_loops_ring, uniq_blork_the_orc, uniq_edmund
D:6:      layout_gridville, nicolae_qazlal_scattered_showers,
          mainiacjoe_overflow_alcove_2, minitemple
D:7:      cheibrodos_statue_roulette, layout_basic,
          chequers_serial_rivers_micro_a, uniq_pikel
Temple:   nicolae_temple_bog_church

Skill      XL: |  1  2  3  4  5  6  7  8  9 |
---------------+----------------------------+-----
Shields        | 3 4 5 |  5.3
Dodging        | 1 2 3 |  3.9
Polearms       | 3 4 5 6 7 |  7.4
Armour         | 3 4 |  4.7
Fighting       | 4 5 |  5.7

Action                   |  1- 3 |  4- 6 |  7- 9 || total
-------------------------+-------+-------+-------++-------
Melee: Trident           |   166 |   133 |   414 ||   713
Throw: Dart              |       |     3 |     2 ||     5
Evoke: Wand              |       |     9 |    21 ||    30
  Use: Scroll            |     5 |     7 |     5 ||    17
       Potion            |       |     1 |    13 ||    14
Armor: Scale mail        |    78 |    13 |       ||    91
       Chain mail        |       |    50 |   262 ||   312
Dodge: Dodged            |    73 |    29 |   148 ||   250
Block: Buckler           |    34 |    31 |   109 ||   174

Table legend: (Time is in decaauts)
 A = Elapsed time spent in this place.
 B = Non-inter-level travel time spent in this place.
 C = Inter-level travel time spent in this place.
 D = Time resting spent in this place.
 E = Time spent auto-exploring this place.
 F = Levels seen in this place.
 G = Mean time per level.
                   A        B        C        D        E       F      G
               +--------+--------+--------+--------+--------+-----+--------+
         Total |   8738 |   8345 |    393 |    496 |   6355 |   8 | 1092.2 |
       Dungeon |   8480 |   8096 |    384 |    496 |   6122 |   7 | 1211.4 |
        Temple |    258 |    250 |      8 |      0 |    232 |   1 |  258.0 |
               +--------+--------+--------+--------+--------+-----+--------+

Top non-repeatable levels by time:
     D:6: 1874 daAuts
     D:5: 1625 daAuts
     D:1: 1319 daAuts
     D:7: 1124 daAuts
     D:2: 1075 daAuts
     D:4: 959 daAuts
     D:3: 501 daAuts
  Temple: 258 daAuts
